 Dungeon Crawl Stone Soup version 0.23-a0-677-g07611c5723 (webtiles) character file.

406 Morbidden the Cutter (level 6, -2/46 HPs)
             Began as a Demonspawn Gladiator on Jan 10, 2019.
             Was an Initiate of Wu Jian.
             Slain by Grinder (6 damage)
             ... on level 4 of the Dungeon.
             The game lasted 00:06:54 (2834 turns).

Morbidden the Cutter (Demonspawn Gladiator)         Turns: 2834, Time: 00:06:54

Health: -2/46      AC:  8    Str: 14    XL:     6   Next: 56%
Magic:  6/6        EV: 13    Int: 10    God:    Wu Jian [......]
Gold:   89         SH:  0    Dex: 16    Spells: 5/5 levels left

rFire    . . .     SeeInvis .   p - +0 dagger (venom)
rCold    . . .     Gourm    .   (no shield)
rNeg     . . .     Faith    .   b - +0 leather armour
rPois    .         Spirit   .   g - +2 helmet
rElec    .         Reflect  .   (no cloak)
rCorr    .         Harm     .   (no gloves)
MR       .....                  (no boots)
Stlth    +.........             (no amulet)
HPRegen  0.15/turn              (no ring)
MPRegen  0.10/turn              (no ring)

@: no status effects
A: talons 2, thin metallic scales 1, rot immunity
a: Renounce Religion


You were on level 4 of the Dungeon.
You worshipped Wu Jian.
Wu Jian was noncommittal.
You were very hungry.

You visited 1 branch of the dungeon, and saw 4 of its levels.

You collected 89 gold pieces.

Inventory:

Hand Weapons
 a - a +0 rapier
 p - a +0 dagger of venom (weapon)
Missiles
 d - 3 throwing nets (quivered)
Armour
 b - a +0 leather armour (worn)
 g - a +2 helmet (worn)
Scrolls
 c - a scroll of blinking {unknown}
 e - 4 scrolls of teleportation
 h - 4 scrolls of remove curse
 i - a scroll of identify
 k - a scroll of enchant armour {unknown}
 m - a scroll of amnesia {unknown}
 n - a scroll of immolation {unknown}
Potions
 o - 2 potions of cancellation
Comestibles
 f - 4 rations


   Skills:
 + Level 2.7 Fighting
 * Level 5.5 Short Blades
 + Level 2.0 Throwing
 + Level 1.8 Armour
 + Level 3.6 Dodging
 + Level 0.2 Stealth


You had 5 spell levels left.
You didn't know any spells.
Your spell library was empty.

Dungeon Overview and Level Annotations

Branches:
Dungeon (4/15)
 Temple: D:4-7

Altars:
Makhleb
Nemelex Xobeh
Wu Jian
Xom
The Shining One

Annotations:
D:3 Purgy
D:4 Grinder


Innate Abilities, Weirdness & Mutations

You have razor-sharp toenails.
You are partially covered in thin metallic scales. (AC +2)
You are immune to rotting.


Message History

You can move again.
Unknown command.
You closely miss Grinder. Your kick misses Grinder.
Grinder is severely wounded.
Grinder hits you.
* * * LOW HITPOINT WARNING * * *
You writhe in agony.
* * * LOW HITPOINT WARNING * * *
Unknown command.
Unknown command.
Unknown command.
Okay, then.
You closely miss Grinder. You claw Grinder.
Grinder is severely wounded.
Unknown command.
Unknown command.
You hit Grinder. Your kick misses Grinder.
Grinder is severely wounded.
Grinder hits you.
You die...

#..######.# #....
####.........#####..
###...................
.##...#.>...........##.#
.....................#.#
....>................>.#
........†..$............
......[...............##
.......@...#.....).....#
.......5............####
..........##...(..#####.
...........#......#.._#.
..................'...#.
...............†..#.._#.
.................†#####.
............#...........
..................


You could see Grinder.

Vanquished Creatures
  Sigmund (D:2)
  A bullfrog (D:4)
  A crimson imp (D:4)
  2 worker ants (D:4)
  4 adders
  A worm (D:4)
  2 dart slugs
  2 leopard geckos (D:4)
  3 orcs
  4 bats
  4 giant cockroaches
  6 goblins
  9 hobgoblins
  6 jackals
  A quokka (D:2)
  A ball python skeleton (D:4)
  3 frilled lizards
  3 kobolds
  2 rats
56 creatures vanquished.

Notes
Turn   | Place    | Note
-------+----------+-------------------------------------------
     0 | D:1      | Morbidden the Demonspawn Gladiator began the quest for the
                  | Orb.
     0 | D:1      | Reached XP level 1. HP: 16/16 MP: 1/1
   704 | D:2      | Reached skill level 3 in Short Blades
   704 | D:2      | Gained mutation: You have sharp toenails. [demonic
                  | ancestry]
   704 | D:2      | Reached XP level 2. HP: 20/22 MP: 2/2
   712 | D:2      | Noticed Sigmund
  1120 | D:2      | Gained mutation: You are partially covered in thin metallic
                  | scales. (AC +2) [demonic ancestry]
  1120 | D:2      | Reached XP level 3. HP: 20/27 MP: 3/3
  1216 | D:2      | Killed Sigmund
  1216 | D:2      | Reached skill level 4 in Short Blades
  1216 | D:2      | Reached skill level 1 in Armour
  1216 | D:2      | Gained mutation: You are immune to rotting. [demonic
                  | ancestry]
  1216 | D:2      | Reached XP level 4. HP: 19/34 MP: 4/4
  1216 | D:2      | Gained mutation: You have razor-sharp toenails. [demonic
                  | ancestry]
  1216 | D:2      | Reached XP level 5. HP: 22/39 MP: 5/5
  1452 | D:2      | Found a sparkling altar of Nemelex Xobeh.
  1471 | D:2      | Found a glowing golden altar of the Shining One.
  1979 | D:3      | Found a faded altar of an unknown god.
  2258 | D:3      | Found an ornate altar of the Wu Jian Council.
  2269 | D:3      | Became a worshipper of the Wu Jian Council
  2288 | D:3      | Noticed Purgy
  2571 | D:4      | Reached skill level 5 in Short Blades
  2571 | D:4      | Reached XP level 6. HP: 33/46 MP: 6/6
  2741 | D:4      | Found a shimmering altar of Xom.
  2742 | D:4      | Found a burning altar of Makhleb.
  2801 | D:4      | Noticed Grinder
  2827 | D:4      | Paralysed by Grinder for 4 turns
  2834 | D:4      | Slain by Grinder

Vault maps used:
D:1:      lightli_arrival_farm
D:2:      lemuel_round_altar, lemuel_crystal_altar, item_on_display_a,
          uniq_sigmund
D:3:      old_standard_altar, chequers_ecumenical_altar_simple_redux,
          minmay_puff, uniq_purgy
D:4:      grunt_temple_overflow_champion_of_chaos, serial_shops, shop_fountains,
          uniq_edmund, uniq_grinder, uniq_ijyb

Skill      XL: |  1  2  3  4  5 |
---------------+----------------+-----
Short Blades   | 3 4 5 |  5.5
Throwing       | 2 |  2.0
Armour         | 1 |  1.8
Dodging        | 3 |  3.6
Fighting       | |  2.7
Stealth        | |  0.2

Action                   |  1- 3 |  4- 6 || total
-------------------------+-------+-------++-------
Melee: Rapier            |    60 |    61 ||   121
       Kick              |     9 |    49 ||    58
       Dagger            |       |   113 ||   113
Invok: Lunge             |       |     7 ||     7
  Use: Potion            |     1 |     2 ||     3
       Scroll            |       |     5 ||     5
  Eat: Chunk             |       |     5 ||     5
Armor: Leather armour    |    12 |    57 ||    69
Dodge: Dodged            |    33 |   102 ||   135

Table legend:
 A = Non-vault XP
 B = Vault XP
 C = Vault XP percentage of total XP
 D = Non-vault monster count
 E = Vault monster count
 F = Vault count percentage of total count
                 A         B        C        D         E       F
            +---------+---------+-------+---------+---------+-------
      Total |     312 |     268 |  46.2 |      54 |       2 |   3.6
            +---------+---------+-------+---------+---------+-------
        D:1 |       7 |       0 |   0.0 |       4 |       0 |   0.0
        D:2 |      60 |     220 |  78.6 |      14 |       1 |   6.7
        D:3 |      56 |       0 |   0.0 |      23 |       0 |   0.0
        D:4 |     189 |      48 |  20.3 |      13 |       1 |   7.1
            +---------+---------+-------+---------+---------+-------
